 Dungeon Crawl Stone Soup version 0.28.0 (webtiles) character file.

Game seed: 5497999119705713025

2120339 Sar the Conqueror (level 27, 182/182 HPs)
             Began as a Djinni Gladiator on Feb 10, 2022.
             Was the Champion of Makhleb.
             Escaped with the Orb
             ... and 4 runes on Feb 14, 2022!
             The game lasted 04:46:37 (84733 turns).

Sar the Conqueror (Djinni Gladiator)               Turns: 84733, Time: 04:46:38

Health: 182/182    AC: 22    Str: 16    XL:     27
Gold:   3478       EV: 27    Int: 21    God:    Makhleb [******] SH: 16 Dex: 22

rFire   + + +      SeeInvis .   b - staff of conjuration {!a}
rCold   + . .      Faith    .   a - +1 kite shield {AC+3}
rNeg    + . .      Spirit   .   g - +4 troll leather armour {Snorg}
rPois   ∞          Reflect  .   e - +2 helmet "Ubbyt" {rN+ Str+4}
rElec   +          Harm     .   B - +2 cloak
rCorr   .          Rampage  .   r - +2 pair of gloves {Str+3}
Will    ++...      Rage     1%  (boots unavailable)
Stlth   +.........              l - amulet of regeneration
HPRegen 2.00/turn               x - ring "Inekhlis" {Wiz rC+ Int+3 Dex+3}
MPRegen 0.00/turn               w - ring "Rahit" {Fly rElec rC+ Stlth+}

@: flying, studying 3 skills
A: sickness immunity, fire resistance 3, cold vulnerability 1, float, innate
caster, HP casting, extra vitality 1, berserk 1, deformed body, dopey 1, frail
2, passive freeze, weak 2, subdued magic 1
0: Orb of Zot
}: 4/15 runes: serpentine, barnacled, slimy, silver
a: Renounce Religion, Minor Destruction, Lesser Servant of Makhleb, Major
Destruction, Greater Servant of Makhleb


You escaped.
You worshipped Makhleb.
Makhleb was exalted by your worship.
You visited 13 branches of the dungeon, and saw 58 of its levels.
You also visited: Sewer, Ice Cave, Volcano and Wizlab.

You collected 9454 gold pieces.
You spent 5976 gold pieces at shops.

Inventory:

Hand Weapons
 i - a +4 antimagic demon whip
 y - a +1 demon whip of electrocution
 Z - a +3 sacred scourge of holy wrath
Missiles
 d - 14 throwing nets (quivered) {=f}
 G - 28 curare-tipped darts {=f}
 S - 6 silver javelins
Armour
 a - a +1 kite shield of protection (worn)
 e - the +2 helmet "Ubbyt" (worn) {rN+ Str+4}
   (You acquired it on level 1 of the Crypt)

   Str:       It affects your strength (+4).
   rN:        It protects you from negative energy.
 g - a +4 troll leather armour (worn) {Snorg}
 r - a +2 pair of gloves of strength (worn)
 B - a +2 cloak (worn)
 E - +4 fire dragon scales {Xtahua}
 R - +0 ice dragon scales
 U - a +0 robe of the Archmagi
Magical Staves
 b - a staff of conjuration (weapon) {!a}
Jewellery
 l - an amulet of regeneration (around neck)
 p - the ring "Povvuos" {rF+ Will+ rCorr Int+5 Dex-3}
   (You took it off a deep elf zephyrmancer on level 5 of the Vaults)

   [ring of resist corrosion]

   Int:       It affects your intelligence (+5).
   Dex:       It affects your dexterity (-3).
   rF:        It protects you from fire.
   rCorr:     It protects you from acid and corrosion.
   Will:      It increases your willpower.
 w - the ring "Rahit" (right hand) {Fly rElec rC+ Stlth+}
   (You found it on level 5 of the Pits of Slime)

   [ring of flight]

   rC:        It protects you from cold.
   rElec:     It insulates you from electricity.
   Fly:       It grants you flight.
   Stlth:     It makes you more stealthy.
 x - the ring "Inekhlis" (left hand) {Wiz rC+ Int+3 Dex+3}
   (You acquired it on level 4 of the Lair of Beasts)

   [ring of wizardry]

   It improves your spell success rate.
   Int:       It affects your intelligence (+3).
   Dex:       It affects your dexterity (+3).
   rC:        It protects you from cold.
 C - the ring "Jabbasut" {Fly Will+ MP-9 Str+4 Dex+5}
   (You bought it in a shop on level 2 of the Orcish Mines)

   [ring of flight]

   Str:       It affects your strength (+4).
   Dex:       It affects your dexterity (+5).
   MP:        It affects your magic capacity (-9).
   Fly:       It grants you flight.
   Will:      It increases your willpower.
 W - the ring of the Four Coins {rElec rC+ Str+5 Int-2 Stlth+}
   (You took it off a deep elf demonologist on level 3 of the Elven Halls)

   [ring of protection from cold]

   Str:       It affects your strength (+5).
   Int:       It affects your intelligence (-2).
   rC:        It protects you from cold.
   rElec:     It insulates you from electricity.
   Stlth:     It makes you more stealthy.
 Y - the ring of Shadows {Umbra +Inv Stlth+}
   (You took it off a deep elf zephyrmancer on level 3 of the Elven Halls)

   [ring of stealth]

   It surrounds you with an aura of shadow, increasing your stealth and reducing
   the accuracy of all others within it.
   +Inv:      It lets you turn invisible.
   Stlth:     It makes you more stealthy.
Wands
 m - a wand of iceblast (35)
 s - a wand of acid (8)
 Q - a wand of digging (23)
Scrolls
 c - 4 scrolls of brand weapon
 k - 5 scrolls of blinking
 A - 8 scrolls of enchant armour
 F - 10 scrolls of enchant weapon
 H - 5 scrolls of immolation {!r}
 I - a scroll of summoning
 J - 2 scrolls of magic mapping
 M - 12 scrolls of fog
 O - 3 scrolls of holy word
 T - 7 scrolls of fear
 V - 8 scrolls of teleportation {@r4}
Potions
 f - 3 potions of resistance
 h - 4 potions of brilliance
 j - 7 potions of invisibility
 n - 13 potions of heal wounds {@q2}
 q - 4 potions of ambrosia
 t - 10 potions of might
 u - 3 potions of cancellation
 D - 21 potions of curing {@q1}
 K - 14 potions of lignification {!q}
 N - 5 potions of berserk rage {!q}
 P - 8 potions of haste {@q3}
 X - 7 potions of attraction {!q}
Miscellaneous
 o - a condenser vane
 z - the horn of Geryon


   Skills:
 O Level 27 Fighting
 - Level 2.6 Staves
 - Level 1.5 Throwing
 + Level 15.1 Armour
 + Level 20.1 Dodging
 - Level 15.0 Shields
 - Level 3.4 Unarmed Combat
 O Level 27 Spellcasting
 - Level 15.9 Invocations
 - Level 6.0 Evocations


You had 8 spell levels left.
You knew the following spells:

 Your Spells              Type           Power      Damage    Failure   Level
a - Starburst             Conj/Fire      52%        6d14      0%          6
b - Blink                 Tloc           100%       N/A       0%          2
c - Summon Mana Viper     Hex/Summ       83%        N/A       0%          5
d - Enfeeble              Hex            41%        N/A       0%          7
e - Summon Hydra          Summ           41%        N/A       0%          7
f - Ignition              Fire           41%        3d12      1%          8
g - Summon Small Mammal   Summ           100%       N/A       0%          1
v - Orb of Destruction    Conj           52%        9d13      0%          7
x - Spider Form           Tmut/Pois      83%        N/A       0%          3
z - Lehudib's Crystal Sp  Conj/Erth      52%        10d12     1%          8
G - Silence               Hex/Air        41%        N/A       0%          5
J - Death's Door          Necr           41%        N/A       1%          9
Z - Fulminant Prism       Conj/Hex       52%        3d23      0%          4
Your spell library was empty.

Dungeon Overview and Level Annotations

Branches:
Dungeon (15/15)            Temple (1/1) D:5            Lair (6/6) D:9
 Shoals (4/4) Lair:3        Snake (4/4) Lair:2        Slime (5/5) Lair:6
    Orc (2/2) D:11            Elf (3/3) Orc:2        Vaults (5/5) D:14
  Crypt (3/3) Vaults:2       Tomb (0/3) Crypt:3      Depths (4/4) D:15
   Hell (visited)             Dis (0/7) Hell            Geh (0/7) Hell
    Coc (0/7) Hell            Tar (0/7) Hell            Zot (5/5) Depths:4
  Sewer (visited)           IceCv (visited)         Volcano (visited)
 WizLab (visited)

Altars:
Ashenzari
Cheibriados
Dithmenos
Elyvilon
Fedhas
Gozag
Hepliaklqana
Kikubaaqudgha
Makhleb
Nemelex Xobeh
Okawaru
Qazlal
Ru
Sif Muna
Trog
Uskayaw
Vehumet
Wu Jian
Xom
Yredelemnul
Zin
The Shining One
Beogh
Jiyva

Shops:
D:2 ?   D:5 [[   D:15 [   Orc:2 !:=*(   Elf:1 *   Shoals:4 :   Vaults:1 *
Depths:1 (

Portals:
Hell: Depths:1 Depths:2 Depths:3 Depths:4
Abyss: Depths:3 Depths:4
Pandemonium: Depths:2
Ziggurat: Depths:4

Annotations:
D:1 Crazy Yiuf


Innate Abilities, Weirdness & Mutations

You are immune to sickness and miasma.
You are immune to poison.
Your flesh is almost immune to the effects of heat. (rF+++)
You are vulnerable to cold. (rC-)
You float through the air rather than walking.
You learn spells naturally, not from books.
Your magical power is your life essence.
You have superior vitality. (+4 MHP)
You tend to lose your temper in combat.
Armour fits poorly on your strangely shaped body.
You are dopey. (Int -2)
You are very frail. (-20% HP)
A frigid envelope surrounds you and freezes all who hurt you.
You are very weak. (Str -4)
Your spells are a little easier to cast, but a little less powerful.


Message History

(Y) Tartarus (Z) Zot
Where to? (* - list waypoints, Enter - D:1, ? - help)
There is a stone staircase leading up here!
You fly upwards!
There is a stone staircase leading down here!
You see here a +0 dagger!
There is an open door here!
There is a stone staircase leading up here!
You fly upwards!
There is a stone staircase leading down here!
There is a stone staircase leading up here!
You fly upwards!
There is a stone staircase leading down here!
There is an escape hatch in the ceiling here!
A mysterious force pulls you upwards! The hatch slams shut behind you!
There is a stone staircase leading up, spattered with blood here!
You fly upwards!
Level annotation: Crazy Yiuf
There is a stone staircase leading down here!
That's the wrong kind of item!!! (Use * to select it!) Evoke which item? (* to show all) (? for menu, Esc to quit)
Okay, then!
Aiming: Dig
Press: ? - help, Shift-Dir - straight line A rock wall!
This square is covered in magical glow!
The rock shatters into small pieces!
Aiming: Dig
Press: ? - help, Shift-Dir - straight line A rock wall!
This square is covered in magical glow!
The rock shatters into small pieces!
Crazy Yiuf shouts!!!
Crazy Yiuf says, "Get me out of this place!"
Crazy Yiuf says, "You came back for me!"
Crazy Yiuf completely misses you!
Okay, then!
There is a staircase leading out of the dungeon here!
You block Crazy Yiuf's attack!
You have escaped!!!

.# ### ###.##....########## .#
#...#.......)....... .#
#...#.####.######### ## ##.>.#..#
#.######### # #### ##'...#..#
#.##....... # #..# #.#####..#
#.......... # #..## #####'####.##
##........# # #..'###'.....>.g.#
##........# #
#..#>..#......R..####.......... #
########........#.........)...# #
#..# #...)......#.###.........# #
#.## #......#.....# #.#........ #
#.# ######....######.......... #
#.# ######.....................
###.###......#.#.....###.........
........######.#####.....[.).....
###............# #####.........


You could see Crazy Yiuf.

Vanquished Creatures
  the Royal Jelly (Slime:5)
  4 dread liches (Zot:5)
  The ghost of Pongem the Conqueror, a legendary MiAK of Lugonu (Zot:3)
  Mennas (Depths:3)
  3 ancient liches
  7 orbs of fire
  Sojobo (Crypt:3)
  Boris (4 times) (Crypt:1 Crypt:2 Crypt:3 Zot:4)
  A shard shrike (Depths:1)
  6 Killer Klowns
  Vashnia (Snake:4)
  Xtahua (Depths:3)
  A Head Instructor (WizLab)
  Frederick (Crypt:3)
  2 curse toes
  Saint Roka (Depths:3)
  Nikola (Snake:3)
  Geryon (Hell)
  15 golden dragons
  Jory (Vaults:2)
  3 bone dragons
  4 electric golems
  Jorgrun (Orc:2)
  7 liches
  3 shard shrike skeletons
  A Hell Sentinel (Depths:1)
  19 tentacled monstrosities
  A walking frostbound tome (Depths:4)
  12 quicksilver dragons
  26 Orb Guardians
  Asterion (Snake:4)
  4 titans
  2 deep elf blademasters (Elf:3)
  3 deep elf master archers
  A kraken (Shoals:2)
  5 sphinxes
  24 acid blobs
  8 ancient champions
  14 death cobs
  Polyphemus (Shoals:4)
  Kirke (Shoals:3)
  12 shadow dragons
  13 tengu reavers
  5 draconian monks
  3 daevas (Depths:3)
  Ilsuiw (Shoals:4)
  2 revenants (Crypt:2)
  23 storm dragons
  13 rockslimes
  10 frost giants
  9 fire giants
  9 azure jellies
  2 nagarajas (Snake:4)
  A demonspawn warmonger (D:8)
  9 draconian knights
  6 balrugs
  5 draconian scorchers
  10 vault wardens
  A curse skull (Crypt:2)
  Aizul (Vaults:2)
  Louise (Depths:3)
  2 orc warlords
  2 caustic shrike zombies
  3 ghost moths
  4 deep elf sorcerers (Elf:3)
  A deep elf elementalist (Elf:1)
  3 angels (Depths:3)
  A juggernaut zombie (Crypt:2)
  10 ghouls
  9 draconian shifters
  6 war gargoyles
  14 ironbound preservers
  6 reapers
  3 draconian annihilators
  17 very ugly things
  16 quicksilver oozes
  10 draconian stormcallers
  The ghost of daodarkstar the Cleaver, a journeyman DsFi of Gozag (Lair:6)
  A demonspawn blood saint (D:8)
  7 green draconians
  8 vampire knights
  7 ironbound thunderhulks
  2 grey draconians (Depths:4)
  8 stone giants
  7 deep elf annihilators
  A caustic shrike skeleton (Crypt:3)
  An entropy weaver (Vaults:1)
  6 black draconians
  12 red draconians
  A lorocyproca (Depths:1)
  14 deep elf demonologists
  6 white draconians
  A minotaur (Lair:6)
  A dire elephant (Vaults:1)
  7 ettins
  5 spark wasps
  12 purple draconians
  Snorg (Orc:2)
  10 yellow draconians
  14 deep elf death magi
  A mummy priest (Depths:1)
  5 merfolk impalers
  A crystal guardian (Vaults:4)
  3 blizzard demons
  6 eidola
  6 fire dragons
  A green death (Depths:1)
  9 jiangshi
  A quicksilver dragon zombie (Crypt:3)
  3 spriggan zombies
  19 yaktaur captains
  Josephine (D:12)
  8 merfolk javelineers
  5 deep elf high priests
  5 salamander tyrants (Snake:4)
  9 great orbs of eyes
  12 spriggan air magi
  3 rakshasas
  8 hydras
  A caustic shrike simulacrum (IceCv)
  2 catoblepae
  17 naga warriors
  4 boulder beetles
  7 ice dragons
  2 ogre magi
  11 merfolk aquamancers
  2 peacekeepers
  26 vault guards (Vaults:5)
  5 spriggan skeletons (Crypt:3)
  5 anacondas
  4 ironbound frosthearts
  4 merfolk avatars
  6 two-headed ogres
  7 centaur warriors
  An alligator snapping turtle (Shoals:3)
  3 deep troll shamans
  7 death knights
  7 tengu warriors
  4 satyrs
  22 dancing weapons
  A spriggan berserker (Depths:3)
  7 deep troll earth magi
  5 death yaks
  4 shock serpents
  10 vampire magi
  10 naga sharpshooters
  A hell hog (Depths:3)
  13 sun demons
  A death scarab (Depths:1)
  5 orc high priests
  38 hell knights
  Sonja (D:12)
  Nergalle (D:11)
  4 soul eaters
  A sixfirhy (Depths:2)
  A titan skeleton (Crypt:3)
  12 deep elf knights
  7 sea snakes
  10 salamander mystics
  2 storm dragon skeletons
  6 iron trolls
  42 skeletal warriors
  An iron giant zombie (Hell)
  A shadow wraith (Crypt:2)
  An anaconda zombie (Crypt:2)
  51 deep trolls
  5 cherubim (Depths:3)
  8 flayed ghosts
  2 glowing orange brains
  An obsidian statue (Zot:5)
  An orange crystal statue (IceCv)
  2 bog bodies
  A swamp dragon (shapeshifter) (Depths:3)
  An orb spider (shapeshifter) (Vaults:5)
  A fenstrider witch simulacrum (Crypt:1)
  16 ironbound convokers
  3 shadow demons
  A shadow dragon zombie (Hell)
  25 deep elf pyromancers
  20 deep elf zephyrmancers
  4 naga ritualists
  16 necromancers
  A bunyip skeleton (Crypt:3)
  6 lindwurms
  9 deep elf archers
  2 anaconda skeletons
  8 orc knights
  13 wizards
  28 harpies
  A shadow dragon skeleton (Crypt:3)
  19 phantasmal warriors
  7 shining eyes
  4 orc sorcerers
  19 salamanders
  12 mana vipers
  An iron dragon zombie (Crypt:1)
  A manticore (shapeshifter) (Vaults:5)
  46 ugly things
  18 fauns
  10 elephants
  16 manticores
  31 moths of wrath
  A frost giant skeleton (Crypt:2)
  A toenail golem (D:6)
  10 cyclopes
  5 smoke demons
  7 guardian serpents
  26 black mambas
  5 water nymphs
  2 rust devils
  An alligator snapping turtle zombie (Crypt:1)
  15 naga magi
  7 merfolk sirens
  15 vault sentinels
  Maurice (D:9)
  A gargoyle (D:13)
  15 cane toads
  4 eyes of devastation
  5 torpor snails
  An iron dragon skeleton (Crypt:3)
  An orange demon (Depths:2)
  A green draconian zombie (Crypt:3)
  2 dire elephant skeletons (Crypt:3)
  A rime drake (Lair:5)
  3 molten gargoyles (Depths:1)
  A death yak zombie (Crypt:1)
  4 unseen horrors (D:11)
  2 naga skeletons
  A purple draconian zombie (Crypt:2)
  7 komodo dragons
  An elephant slug zombie (Crypt:3)
  A hellion (Depths:3)
  An anaconda simulacrum (Crypt:1)
  44 yaktaurs
  A grey draconian skeleton (Crypt:1)
  A demonic crawler (Hell)
  13 freezing wraiths
  A pale draconian skeleton (Crypt:2)
  3 tormentors (Depths:1)
  3 ice devils (Hell)
  An alligator snapping turtle skeleton (Crypt:3)
  3 tengu conjurers
  A red devil (Depths:2)
  A troll (shapeshifter) (D:13)
  A shadow dragon simulacrum (Crypt:3)
  A merfolk (shapeshifter) (Vaults:5)
  6 wind drakes
  8 trolls
  3 polar bears (Lair:4)
  25 merfolk
  2 tyrant leeches (Lair:6)
  17 snapping turtles
  A tarantella (shapeshifter) (Vaults:5)
  6 hornets
  20 dream sheep
  17 blink frogs
  A fire dragon zombie (Crypt:3)
  180 slime creatures
  3 harpy skeletons (Crypt:3)
  An ettin zombie (Hell)
  A stone giant simulacrum (Hell)
  22 flying skulls
  8 wyverns
  2 ynoxinuls (Depths:2)
  5 air elementals
  2 spriggans (Depths:1)
  3 dire elephant simulacra
  18 water elementals
  15 wraiths
  62 yaks
  4 vampires
  A fire elemental (Elf:3)
  2 black mamba skeletons (Crypt:3)
  A fire bat (Volcano)
  A chaos spawn (Depths:2)
  Grum (D:9)
  A wind drake zombie (Crypt:2)
  A yak (shapeshifter) (D:14)
  A neqoxec (D:6)
  2 redbacks (Vaults:1)
  6 golden eyes (Depths:3)
  7 basilisks
  A steam dragon (Lair:5)
  A basilisk (shapeshifter) (D:15)
  6 vampire mosquitoes
  3 wargs
  Menkaure (D:4)
  2 glowing shapeshifter zombies
  A naga zombie (Hell)
  48 nagas
  2 harpy simulacra
  3 acid dragons (Depths:4)
  A hydra simulacrum (IceCv)
  7 water moccasins
  Pargi (Sewer)
  5 hell hounds
  48 orc warriors
  An ice beast (D:8)
  2 alligator simulacra (IceCv)
  3 necrophages
  A swamp dragon zombie (Hell)
  9 boggarts
  11 centaurs
  10 sky beasts
  10 wolves
  9 ogres
  A lindwurm skeleton (Crypt:2)
  4 phantoms
  2 kobold brigands
  13 bullfrogs
  A draconian zombie (Crypt:1)
  A scorpion (D:5)
  A yaktaur skeleton (Crypt:1)
  A two-headed ogre simulacrum (Hell)
  An earth elemental (Elf:3)
  A warg skeleton (Crypt:2)
  15 killer bees
  A lindwurm simulacrum (IceCv)
  A nameless horror (Lair:5)
  3 howler monkeys
  7 electric eels
  7 crimson imps (D:7)
  A human zombie (D:9)
  5 centaur zombies
  A hound (D:4)
  33 orc priests
  A bullfrog zombie (D:5)
  3 jellies
  2 centaur skeletons
  Jessica (D:3)
  A basilisk skeleton (Crypt:3)
  2 iguanas
  29 orc wizards
  4 lightning spires (Depths:1)
  7 hell rats (Lair:3)
  A killer bee zombie (D:6)
  A hound skeleton (D:4)
  3 gnolls
  9 adders
  A swamp drake skeleton (Crypt:2)
  A shadow imp (D:7)
  4 white imps
  An ufetubus (D:5)
  A worm (D:3)
  A dart slug (D:1)
  100 orcs
  5 endoplasms
  10 giant cockroaches
  3 goblins
  3 hobgoblins
  3 jackals (D:2)
  2 quokkas (D:3)
  2 ball pythons (D:2)
  13 bats
  2 frilled lizards
  A frilled lizard skeleton (Crypt:2)
  18 kobolds
  2 rats
  3 bushes (WizLab)
  4 plants
  2 tentacles (Shoals:2)
2629 creatures vanquished.

Vanquished Creatures (collateral kills)
  A vampire knight (Depths:3)
  A hydra (Lair:2)
  Urug (Lair:6)
  A cherub (Depths:3)
  2 lindwurms (Lair:6)
  An oklob plant (Lair:2)
  6 elephants (Lair:6)
  3 torpor snails (Lair:6)
  2 cane toads
  3 rime drakes
  A komodo dragon (Lair:5)
  2 hornets (Lair:6)
  A tyrant leech (Lair:6)
  2 blink frogs (Lair:6)
  A wyvern (Lair:2)
  2 basilisks
  A warg (Orc:2)
  3 water moccasins
  A wolf (Lair:6)
  A bullfrog (Lair:2)
  2 electric eels (Lair:5)
  An orc priest (Orc:2)
  2 adders (D:2)
  2 rats
43 creatures vanquished.

Vanquished Creatures (others)
  A shadow dragon (Zot:1)
  A deep elf zephyrmancer (Elf:1)
  A necromancer (Hell)
  A hornet (Lair:6)
  An orc warrior (Orc:2)
  A human (D:9)
  2 centaurs (Volcano)
  2 orcs (Orc:1)
  8 ball lightnings (Depths:1)
  339 fulminant prisms
  56 fungi
  203 plants
  2 tentacles (Shoals:2)
  4 withered plants (D:10)
622 creatures vanquished.

Grand Total: 3294 creatures vanquished

Notes
Turn   | Place    | Note
-------+----------+-------------------------------------------
     0 | D:1      | Sar the Djinni Gladiator began the quest for the Orb.
     0 | D:1      | Reached XP level 1. HP: 18/18 MP: 0/0
    13 | D:1      | Found a faded altar of an unknown god.
   144 | D:1      | Reached skill level 1 in Spellcasting
   144 | D:1      | Reached XP level 2. HP: 22/23 MP: 0/0
   832 | D:2      | Reached XP level 3. HP: 17/28 MP: 0/0
   832 | D:2      | Learned a level 1 spell: Summon Small Mammal
  1649 | D:2      | Found Pajeet's Magic Scroll Shop.
  1673 | D:2      | Reached XP level 4. HP: 21/33 MP: 0/0
  2096 | D:3      | Identified a scroll of acquirement
  2156 | D:3      | Found a blossoming altar of Fedhas.
  2220 | D:3      | Found an opulent altar of Gozag.
  2250 | D:3      | Found a glowing drain.
  2279 | Sewer    | Entered a sewer
  2288 | Sewer    | Noticed Pargi
  2547 | Sewer    | Killed Pargi
  2548 | Sewer    | Reached XP level 5. HP: 3/38 MP: 0/0
  2548 | Sewer    | Learned a level 2 spell: Blink
  3101 | D:3      | Reached XP level 6. HP: 43/43 MP: 0/0
  3283 | D:3      | Noticed Jessica
  3288 | D:3      | Killed Jessica
  3422 | D:4      | Found a broken altar of Ashenzari.
  3424 | D:4      | Noticed a necrophage
  3591 | D:4      | Noticed Menkaure
  3682 | D:4      | Killed a necrophage
  3683 | D:4      | Reached skill level 5 in Spellcasting
  3683 | D:4      | Reached XP level 7. HP: 43/49 MP: 0/0
  3683 | D:4      | Learned a level 3 spell: Spider Form
  3937 | D:4      | Reached skill level 1 in Unarmed Combat
  4820 | D:5      | Entered Level 5 of the Dungeon
  5064 | D:5      | Reached XP level 8. HP: 49/58 MP: 0/0
  5205 | D:5      | Found Faag's Armour Boutique.
  5379 | D:5      | Found Dohij's Antique Armour Emporium.
  5428 | D:5      | Found a stormy altar of Qazlal.
  5519 | D:5      | Identified the +6 dagger of Rubbish {pain, rN++}
  5602 | D:5      | Found a staircase to the Ecumenical Temple.
  5616 | Temple   | Entered the Ecumenical Temple
  5773 | Temple   | Became a worshipper of Makhleb the Destroyer
  6333 | D:6      | Noticed a yak
  6333 | D:6      | Noticed a yak
  6336 | D:6      | Noticed a yak
  6570 | D:6      | Reached skill level 5 in Fighting
  6759 | D:6      | Killed a yak
  6760 | D:6      | Reached XP level 9. HP: 40/66 MP: 0/0
  6760 | D:6      | Learned a level 4 spell: Fulminant Prism
  7738 | D:5      | Bought a smoking helmet for 218 gold pieces
  7738 | D:5      | Identified the +2 helmet "Mab Cerph" {-Cast Harm Regen+}
                  | (You bought it in a shop on level 5 of the Dungeon)
  7933 | D:4      | Found a shadowy altar of Dithmenos.
  7945 | D:4      | Killed Menkaure
  8261 | D:4      | Found a runed translucent door.
  8262 | D:4      | Noticed Crazy Yiuf
  8395 | D:7      | Reached * piety under Makhleb
  8698 | D:7      | Noticed a komodo dragon
  8840 | D:7      | Killed a komodo dragon
  8841 | D:7      | Reached XP level 10. HP: 38/72 MP: 0/0
  9162 | D:7      | Reached ** piety under Makhleb
  9750 | D:8      | Found a white marble altar of Elyvilon.
 10027 | D:8      | Found a glowing silver altar of Zin.
 10171 | D:9      | Reached skill level 10 in Spellcasting
 10183 | D:9      | Reached skill level 5 in Dodging
 10209 | D:9      | Noticed Maurice
 10228 | D:9      | Killed Maurice
 10229 | D:9      | Reached XP level 11. HP: 60/76 MP: 0/0
 10229 | D:9      | Learned a level 5 spell: Silence
 10252 | D:9      | Found a staircase to the Lair.
 10288 | D:9      | Noticed Grum
 10316 | D:9      | Killed Grum
 10392 | D:9      | Reached *** piety under Makhleb
 10942 | D:9      | Identified the +5 chain mail of Laochi {+Blink rF+ rC+}
 11153 | D:10     | Entered Level 10 of the Dungeon
 11227 | D:10     | Identified the +4 great sword of Tortfeasance {drain,
                  | Will+}
 11321 | D:10     | Noticed a death knight
 11454 | D:10     | Noticed a two-headed ogre
 11750 | D:10     | Killed a two-headed ogre
 11751 | D:10     | Reached skill level 5 in Invocations
 11815 | D:10     | Reached skill level 10 in Dodging
 11859 | D:10     | Found a basalt altar of Yredelemnul.
 11916 | D:10     | Killed a death knight
 12340 | D:10     | Found a basalt altar of Yredelemnul.
 12602 | Lair:1   | Entered Level 1 of the Lair of Beasts
 12620 | Lair:1   | Reached XP level 12. HP: 35/83 MP: 0/0
 12624 | Lair:1   | Reached **** piety under Makhleb
 12973 | Lair:1   | Noticed a seven-headed hydra
 12995 | Lair:1   | Killed a seven-headed hydra
 13074 | Lair:1   | Reached skill level 1 in Evocations
 13673 | Lair:2   | Found a staircase to the Snake Pit.
 13726 | Lair:2   | Reached skill level 5 in Evocations
 13740 | Lair:2   | Found a dark tunnel.
 13745 | Volcano  | Entered a volcano
 13973 | Volcano  | Noticed a two-headed ogre
 13994 | Volcano  | Reached XP level 13. HP: 69/95 MP: 0/0
 13994 | Volcano  | Learned a level 5 spell: Summon Mana Viper
 14364 | Lair:2   | Reached skill level 10 in Fighting
 14747 | Lair:2   | Noticed a five-headed hydra
 14756 | Lair:2   | Killed a five-headed hydra
 15177 | Lair:3   | Found a staircase to the Shoals.
 15260 | Lair:3   | Noticed a six-headed hydra
 15274 | Lair:3   | Reached ***** piety under Makhleb
 15281 | Lair:3   | Noticed a five-headed hydra
 15586 | Lair:3   | Killed a five-headed hydra
 15773 | Lair:3   | Killed a six-headed hydra
 15863 | Lair:3   | Reached skill level 10 in Invocations
 16863 | Lair:4   | Noticed a five-headed hydra
 16878 | Lair:4   | Killed a five-headed hydra
 17992 | Lair:5   | Noticed a seven-headed hydra
 18010 | Lair:5   | Killed a seven-headed hydra
 18011 | Lair:5   | Reached XP level 14. HP: 98/103 MP: 0/0
 19255 | Lair:6   | Entered Level 6 of the Lair of Beasts
 19272 | Lair:6   | Noticed Urug
 19284 | Lair:6   | Killed Urug
 19396 | Lair:6   | Reached ****** piety under Makhleb
 19779 | Lair:6   | Noticed daodarkstar's ghost (journeyman DsFi)
 19785 | Lair:6   | Noticed a minotaur
 19814 | Lair:6   | Found a runed translucent gate.
 19814 | Lair:6   | Found a runed translucent gate.
 19814 | Lair:6   | Found a runed translucent gate.
 19944 | Lair:6   | Found a runed translucent door.
 20336 | Lair:6   | Found a viscous altar of Jiyva.
 20336 | Lair:6   | Found a staircase to the Slime Pits.
 20783 | Lair:6   | Reached XP level 15. HP: 53/112 MP: 0/0
 20783 | Lair:6   | Learned a level 6 spell: Starburst
 22213 | D:11     | Identified the ring "Xady" {Drain Str+6 Int+4 Dex+6}
 22500 | D:11     | Noticed Nergalle
 22506 | D:11     | Killed Nergalle
 22519 | D:11     | Identified the +8 rapier "Lyxkinel" {vamp, rElec rPois}
 22598 | D:11     | Found a staircase to the Orcish Mines.
 22788 | Orc:1    | Entered Level 1 of the Orcish Mines
 22829 | Orc:1    | Found Tysometac's Distillery.
 23047 | Orc:2    | Entered Level 2 of the Orcish Mines
 23047 | Orc:2    | Found Udweac's Distillery.
 23270 | Orc:2    | Found an iron altar of Okawaru.
 23276 | Orc:2    | Noticed Jorgrun
 23278 | Orc:2    | Found Udweac's Distillery.
 23278 | Orc:2    | Found an iron altar of Okawaru.
 23850 | Orc:2    | Noticed Snorg
 24263 | Orc:2    | Noticed an orc warlord
 24306 | Orc:2    | Killed an orc warlord
 24309 | Orc:2    | Killed Jorgrun
 24381 | Orc:2    | Killed Snorg
 24702 | Orc:1    | Noticed an orc warlord
 24706 | Orc:1    | Killed an orc warlord
 24936 | Orc:2    | Found a staircase to the Elven Halls.
 25078 | Orc:2    | Found Bano Wia's Jewellery Boutique.
 25078 | Orc:2    | Found Meguf's Book Boutique.
 25082 | Orc:2    | Found Enuimpo's Antique Weapon Shop.
 25082 | Orc:2    | Found Kuorphyal's General Store.
 25110 | Orc:2    | Bought a potion of mutation for 128 gold pieces
 25112 | Orc:2    | Bought the ring "Jabbasut" {Fly Will+ MP-9 Str+4 Dex+5} for
                  | 421 gold pieces
 26084 | D:12     | Noticed Josephine
 26090 | D:12     | Killed Josephine
 26097 | D:12     | Reached XP level 16. HP: 86/118 MP: 0/0
 26207 | D:12     | Noticed Sonja
 26208 | D:12     | Killed Sonja
 26670 | D:13     | Identified the +4 chain mail of Orthodoxy {Int+5 Dex-2
                  | Slay+5}
 26783 | D:13     | Identified the -5 pair of boots of Hubris {Drain Int+4
                  | Dex+5}
 27533 | D:14     | Found a gate to the Vaults.
 28115 | D:15     | Entered Level 15 of the Dungeon
 28226 | D:15     | Found Teuroes's Antique Armour Boutique.
 28251 | D:15     | Bought a thick robe for 205 gold pieces
 28251 | D:15     | Identified the +2 robe of the Salmon {Int+4} (You bought it
                  | in a shop on level 15 of the Dungeon)
 28367 | D:15     | Found a staircase to the Depths.
 28367 | D:15     | Noticed a fire giant
 28380 | D:15     | Killed a fire giant
 28669 | D:15     | Found a glowing golden altar of the Shining One.
 29335 | Lair:4   | Acquired a staff of cold
 29336 | Lair:4   | Acquired the ring "Inekhlis" {Wiz rC+ Int+3 Dex+3}
 29428 | Snake:1  | Entered Level 1 of the Snake Pit
 29510 | Snake:1  | Reached skill level 1 in Shields
 29733 | Orc:2    | Bought an amulet of reflection for 420 gold pieces
 30415 | Shoals:1 | Entered Level 1 of the Shoals
 30515 | Shoals:1 | You are sucked into a shaft and drop 1 floor!
 30539 | Shoals:2 | Reached XP level 17. HP: 83/123 MP: 0/0
 30539 | Shoals:2 | Learned a level 7 spell: Enfeeble
 31102 | Shoals:2 | Noticed a kraken
 31115 | Shoals:2 | Killed a kraken
 31594 | Shoals:1 | Reached skill level 5 in Shields
 31594 | Shoals:1 | Reached skill level 15 in Invocations
 33132 | Shoals:3 | Noticed Kirke
 33187 | Shoals:3 | Killed Kirke
 33508 | Shoals:3 | Reached XP level 18. HP: 114/132 MP: 0/0
 34284 | Shoals:4 | Entered Level 4 of the Shoals
 34296 | Shoals:4 | Reached skill level 15 in Spellcasting
 34298 | Shoals:4 | Noticed Polyphemus
 34413 | Shoals:4 | Killed Polyphemus
 34446 | Shoals:4 | Found Ojuodeca's Self-Improvement Boutique.
 34447 | Shoals:4 | Acquired a manual of Dodging
 34501 | Shoals:4 | Bought a manual of Fighting for 1200 gold pieces
 34794 | Shoals:4 | Identified the +1 robe "Naocof" {*Corrode Fly rPois Dex+8}
 35173 | Shoals:4 | Got a barnacled rune of Zot
 35189 | Shoals:4 | Noticed Ilsuiw
 35523 | Shoals:4 | Identified the amulet of Qootoar {Spirit Int+4}
 35529 | Shoals:4 | Reached skill level 15 in Fighting
 35540 | Shoals:4 | Reached skill level 15 in Dodging
 35662 | Shoals:4 | Killed Ilsuiw
 35986 | Shoals:4 | Found Ojuodeca's Self-Improvement Boutique.
 36619 | Shoals:2 | Identified the +8 quarterstaff of Ytiq {venom, rC+ Str+4}
 36623 | Shoals:2 | Identified the +11 great sword of the Realm of Zot {drain,
                  | rC+ SInv}
 36963 | Vaults:1 | Entered Level 1 of the Vaults
 37236 | Vaults:1 | Found Igidil's General Store.
 37505 | D:5      | Bought a +1 pair of gloves of strength for 198 gold pieces
 38079 | Vaults:1 | Reached XP level 19. HP: 139/147 MP: 0/0
 38079 | Vaults:1 | Learned a level 7 spell: Orb of Destruction
 39793 | Vaults:2 | Noticed Aizul
 39803 | Vaults:2 | Killed Aizul
 40180 | Vaults:2 | Found a staircase to the Crypt.
 40180 | Vaults:2 | Found a basalt altar of Yredelemnul.
 40467 | Vaults:2 | Noticed Jory
 40470 | Vaults:2 | Reached XP level 20. HP: 142/160 MP: 0/0
 40744 | Vaults:2 | Killed Jory
 43488 | Vaults:4 | Noticed a golden dragon
 43497 | Vaults:4 | Killed a golden dragon
 43519 | Vaults:4 | Reached XP level 21. HP: 138/166 MP: 0/0
 43519 | Vaults:4 | Learned a level 7 spell: Summon Hydra
 44366 | Elf:1    | Entered Level 1 of the Elven Halls
 44499 | Elf:1    | Paralysed by an air elemental for 1 turns
 44794 | Elf:1    | Found Duechasi's General Store.
 45671 | Elf:2    | Found a runed translucent door.
 45707 | Elf:2    | Found a runed translucent door.
 46871 | Elf:3    | Entered Level 3 of the Elven Halls
 47581 | Elf:3    | Identified the +11 dagger of Karma {antimagic, rElec Str+6}
 47648 | Elf:3    | Noticed a Brimstone Fiend
 47653 | Elf:3    | Identified the +1 ring mail of Purpose {Str+4}
 47730 | Elf:3    | Identified the ring of the Four Coins {rElec rC+ Str+5
                  | Int-2 Stlth+}
 48209 | Elf:3    | Reached XP level 22. HP: 170/172 MP: 0/0
 49768 | Depths:1 | Entered Level 1 of the Depths
 49953 | Depths:1 | Reached skill level 1 in Armour
 50023 | Depths:1 | Found Fumeebla's Antique Weapon Emporium.
 50035 | Depths:1 | Bought a twisted flail for 187 gold pieces
 50035 | Depths:1 | Identified the +7 flail "Weraagem" {vamp, Will+ rCorr Dex+7
                  | Stlth+} (You bought it in a shop on level 1 of the Depths)
 50061 | Depths:1 | Found a gateway to Hell.
 50504 | Depths:1 | Found a runed translucent door.
 50561 | Depths:1 | Paralysed by an air elemental for 1 turns
 50565 | Depths:1 | Paralysed by an air elemental for 1 turns
 50567 | Depths:1 | Paralysed by an air elemental for 1 turns
 50577 | Depths:1 | Paralysed by an air elemental for 1 turns
 50791 | Depths:1 | Found a large runed translucent door.
 50792 | Depths:1 | Found a large runed translucent door.
 50811 | Depths:1 | Noticed a bone dragon
 50902 | Depths:1 | Killed a bone dragon
 51205 | Depths:1 | Reached skill level 5 in Armour
 51267 | Depths:1 | Noticed a shard shrike
 51274 | Depths:1 | Killed a shard shrike
 51765 | Depths:1 | Identified the +1 scale mail of Kivoaxot {Dex+2}
 52192 | Depths:2 | Found a one-way gate leading to the halls of Pandemonium.
 52237 | Depths:2 | Reached XP level 23. HP: 88/178 MP: 0/0
 52237 | Depths:2 | Learned a level 8 spell: Ignition
 52241 | Depths:2 | Noticed a golden dragon
 52244 | Depths:2 | Found the +8 glaive of the Guard {elec, spectral, AC+5}
 52333 | Depths:2 | Killed a golden dragon
 52730 | Depths:2 | Found a blossoming altar of Fedhas.
 54208 | Depths:3 | Noticed Louise
 54214 | Depths:3 | Killed Louise
 54233 | Depths:3 | Found a one-way gate to the infinite horrors of the Abyss.
 54238 | Depths:3 | Noticed a golden dragon
 54411 | Depths:3 | Reached skill level 10 in Armour
 54523 | Depths:3 | Noticed Xtahua
 54534 | Depths:3 | Killed Xtahua
 54842 | Depths:3 | Killed a golden dragon
 54915 | Depths:3 | Noticed Saint Roka
 54924 | Depths:3 | Killed Saint Roka
 55099 | Depths:3 | Identified the +9 demon trident "Guageozu" {venom, rF+ rN+
                  | Dex-2}
 55484 | Depths:3 | Found a glowing silver altar of Zin.
 55484 | Depths:3 | Noticed Mennas
 55955 | Depths:3 | Killed Mennas
 56664 | D:2      | Bought 2 scrolls of holy word for 165 gold pieces
 56664 | D:2      | Bought a scroll of enchant armour for 82 gold pieces
 56664 | D:2      | Bought a scroll of fear for 38 gold pieces
 56664 | D:2      | Bought 3 scrolls of fog for 66 gold pieces
 56664 | D:2      | Bought a scroll of blinking for 82 gold pieces
 56664 | D:2      | Bought a scroll of teleportation for 33 gold pieces
 57281 | Depths:4 | Entered Level 4 of the Depths
 57493 | Depths:4 | Reached XP level 24. HP: 175/184 MP: 0/0
 57561 | Depths:4 | Noticed a golden dragon
 57570 | Depths:4 | Killed a golden dragon
 57674 | Depths:4 | Found a one-way gateway to a ziggurat.
 58364 | Depths:4 | Noticed a golden dragon
 58368 | Depths:4 | Killed a golden dragon
 58483 | Depths:4 | Found a gate to the Realm of Zot.
 58700 | Depths:4 | Found a one-way gateway to a ziggurat.
 59610 | Lair:6   | Killed daodarkstar's ghost
 60058 | Vaults:5 | Entered Level 5 of the Vaults
 60069 | Vaults:5 | Gained mutation: You have hidden genetic defects. [a
                  | shining eye]
 60137 | Vaults:4 | Lost mutation: You have hidden genetic defects. [potion of
                  | mutation]
 60137 | Vaults:4 | Gained mutation: Your body sometimes deteriorates upon
                  | taking damage. [potion of mutation]
 60137 | Vaults:4 | Gained mutation: Your movements are slightly less
                  | encumbered by armour. (ER -2) [potion of mutation]
 60154 | Vaults:5 | Identified the +0 robe "Vunoaz" {rN+}
 60318 | Vaults:5 | Identified the ring "Ipsixux" {rPois rF+ EV+4}
 60634 | Vaults:5 | Identified the ring "Povvuos" {rF+ Will+ rCorr Int+5 Dex-3}
 61266 | Shoals:4 | Bought a manual of Shields for 1200 gold pieces
 61795 | Vaults:5 | Reached XP level 25. HP: 172/190 MP: 0/0
 61795 | Vaults:5 | Learned a level 8 spell: Lehudib's Crystal Spear
 61799 | Vaults:5 | Identified the +11 battleaxe "Kuacai" {venom, rC- Int+4
                  | SInv Stlth+}
 61895 | Vaults:5 | Found the +15 Maxwell's patent armour {-Cast -Tele rElec
                  | Will+ rCorr}
 61998 | Vaults:5 | Got a silver rune of Zot
 62024 | Vaults:5 | Reached skill level 10 in Shields
 62209 | Vaults:5 | Noticed an ancient lich
 62215 | Vaults:5 | Killed an ancient lich
 62924 | Vaults:5 | Identified the ring of Nunucuap {rN+ Str+4}
 64512 | Crypt:1  | Entered Level 1 of the Crypt
 64554 | Crypt:1  | Noticed Boris
 64566 | Crypt:1  | Killed Boris
 64692 | Crypt:1  | Reached skill level 15 in Shields
 64766 | Crypt:1  | Acquired the +2 helmet "Ubbyt" {rN+ Str+4}
 65402 | Crypt:2  | Found a magical portal.
 65421 | WizLab   | Entered Yara's Duelist Academy
 65515 | WizLab   | Reached XP level 26. HP: 105/197 MP: 0/0
 65706 | WizLab   | Noticed Ujics
 65711 | WizLab   | Killed Ujics the Head Instructor
 66304 | Crypt:2  | Noticed Boris
 66313 | Crypt:2  | Killed Boris
 66672 | Crypt:3  | Entered Level 3 of the Crypt
 66708 | Crypt:3  | Noticed Boris
 66763 | Crypt:3  | Noticed Sojobo
 66772 | Crypt:3  | Killed Sojobo
 66876 | Crypt:3  | Killed Boris
 67213 | Crypt:3  | Identified the +7 leather armour of the Three of Cups {Fly
                  | Int-4 Slay+2 Stlth+}
 67329 | Crypt:3  | Found a staircase to the Tomb.
 67622 | Crypt:3  | Noticed an ancient lich
 67632 | Crypt:3  | Killed an ancient lich
 67658 | Crypt:3  | Identified the +3 flail "Xunud" {freeze, +Blink rF- Dex+3}
 67664 | Crypt:3  | Identified the ring "Ricwirae" {rPois rN+ Will- AC+4}
 67962 | Crypt:3  | Reached XP level 27. HP: 196/202 MP: 0/0
 67962 | Crypt:3  | Learned a level 9 spell: Death's Door
 67972 | Crypt:3  | Noticed Frederick
 67976 | Crypt:3  | Killed Frederick
 68123 | Crypt:3  | Identified the +5 hand axe of the Living Dead {vamp, Int+3
                  | Dex+5}
 68125 | Crypt:3  | Identified the +8 hand axe of the Red Skies {flame, rCorr
                  | Int+3}
 69386 | Snake:3  | Noticed Nikola
 69389 | Snake:3  | Killed Nikola
 69598 | Snake:3  | Found a shimmering altar of Xom.
 70339 | Snake:4  | Entered Level 4 of the Snake Pit
 70355 | Snake:4  | Noticed Vashnia
 70373 | Snake:4  | Killed Vashnia
 70412 | Snake:4  | Found a frozen archway.
 70423 | IceCv    | Entered an ice cave
 70432 | IceCv    | Found a transporter.
 70442 | IceCv    | Found a transporter.
 70915 | Snake:4  | Noticed Asterion
 70921 | Snake:4  | Killed Asterion
 71161 | Snake:4  | Got a serpentine rune of Zot
 71741 | Hell     | Entered the Vestibule of Hell
 71741 | Hell     | Noticed Geryon
 72387 | Orc:1    | Bought a potion of brilliance for 48 gold pieces
 72387 | Orc:1    | Bought a potion of resistance for 120 gold pieces
 72387 | Orc:1    | Bought a potion of invisibility for 96 gold pieces
 72387 | Orc:1    | Bought 2 potions of heal wounds for 120 gold pieces
 72405 | Orc:2    | Bought 2 potions of heal wounds for 160 gold pieces
 72405 | Orc:2    | Bought a potion of brilliance for 64 gold pieces
 72405 | Orc:2    | Bought 2 potions of berserk rage for 160 gold pieces
 72405 | Orc:2    | Bought a potion of curing for 48 gold pieces
 72463 | Elf:1    | Bought a potion of curing for 57 gold pieces
 72463 | Elf:1    | Bought a wand of iceblast (8) for 228 gold pieces
 72514 | Orc:1    | Bought a potion of attraction for 36 gold pieces
 72514 | Orc:1    | Bought a potion of attraction for 36 gold pieces
 72697 | Vaults:1 | Bought a potion of ambrosia for 160 gold pieces
 73032 | Slime:1  | Entered Level 1 of the Pits of Slime
 74940 | Slime:5  | Entered Level 5 of the Pits of Slime
 74959 | Slime:5  | Noticed the Royal Jelly
 74964 | Slime:5  | Killed the Royal Jelly
 74977 | Slime:5  | Gained mutation: You have hidden genetic defects. [a
                  | shining eye]
 75119 | Slime:5  | Identified the ring "Rahit" {Fly rElec rC+ Stlth+}
 75140 | Slime:5  | Got a slimy rune of Zot
 75141 | Slime:5  | Identified the ring of Conversion {rCorr Dex+7}
 76135 | Zot:1    | Entered Level 1 of the Realm of Zot
 76249 | Zot:1    | Gained mutation: You are frail. (-10% HP) [hidden defects]
 77177 | Zot:2    | Gained mutation: Armour fits poorly on your strangely
                  | shaped body. [hidden defects]
 77177 | Zot:2    | Lost mutation: You have hidden genetic defects. [hidden
                  | defects expressed]
 77262 | Zot:2    | Noticed a Killer Klown
 77264 | Zot:2    | Killed a Killer Klown
 78334 | Zot:3    | Identified the +7 chain mail "Xedepui" {Str+3 Int+4}
 78360 | Zot:3    | Found a runed translucent gate.
 78360 | Zot:3    | Found a runed translucent gate.
 78361 | Zot:3    | Found a runed translucent gate.
 78383 | Zot:3    | Noticed Pongem's ghost (legendary MiAK)
 78394 | Zot:3    | Killed Pongem's ghost
 78517 | Zot:4    | Noticed a Killer Klown
 78519 | Zot:4    | Noticed a Killer Klown
 78524 | Zot:4    | Killed a Killer Klown
 78678 | Zot:4    | Killed a Killer Klown
 78728 | Zot:4    | Noticed a Killer Klown
 78733 | Zot:4    | Noticed an ancient lich
 78740 | Zot:4    | Killed an ancient lich
 78745 | Zot:4    | Killed a Killer Klown
 79210 | Zot:5    | Entered Level 5 of the Realm of Zot
 79646 | Zot:5    | Noticed a dread lich
 79650 | Zot:5    | Killed a dread lich
 79651 | Zot:5    | Noticed a dread lich
 79654 | Zot:5    | Paralysed by a dread lich for 3 turns
 79659 | Zot:5    | Killed a dread lich
 79661 | Zot:5    | Noticed an orb of fire
 79664 | Zot:5    | Gained mutation: Your spells are a little easier to cast,
                  | but a little less powerful. [an orb of fire]
 79669 | Zot:5    | Killed an orb of fire
 79674 | Zot:5    | Noticed a dread lich
 79675 | Zot:5    | Noticed an orb of fire
 79677 | Zot:5    | Noticed a Killer Klown
 79681 | Zot:5    | Killed a dread lich
 79682 | Zot:5    | Gained mutation: You tend to lose your temper in combat.
                  | [an orb of fire]
 79684 | Zot:5    | Killed an orb of fire
 79689 | Zot:5    | Killed a Killer Klown
 79701 | Zot:5    | Noticed an orb of fire
 79702 | Zot:5    | Gained mutation: You often lose your temper in combat. [an
                  | orb of fire]
 79705 | Zot:5    | Noticed an orb of fire
 79969 | Zot:5    | Noticed an orb of fire
 79974 | Zot:5    | Gained mutation: You are weak. (Str -2) [an orb of fire]
 79975 | Zot:5    | Noticed an orb of fire
 79979 | Zot:5    | Reached skill level 27 in Fighting
 79981 | Zot:5    | Killed an orb of fire
 79985 | Zot:5    | Gained mutation: Your body often deteriorates upon taking
                  | damage. [an orb of fire]
 79989 | Zot:5    | Gained mutation: You are very weak. (Str -4) [an orb of
                  | fire]
 79991 | Zot:5    | Gained mutation: You sometimes lose the ability to read
                  | scrolls when taking damage. [an orb of fire]
 79991 | Zot:5    | Gained mutation: You are dopey. (Int -2) [an orb of fire]
 80098 | Zot:4    | Lost mutation: You sometimes lose the ability to read
                  | scrolls when taking damage. [potion of mutation]
 80098 | Zot:4    | Lost mutation: Your body often deteriorates upon taking
                  | damage. [potion of mutation]
 80099 | Zot:4    | Lost mutation: Your movements are slightly less encumbered
                  | by armour. (ER -2) [potion of mutation]
 80099 | Zot:4    | Lost mutation: Your body sometimes deteriorates upon taking
                  | damage. [potion of mutation]
 80099 | Zot:4    | Gained mutation: You are very frail. (-20% HP) [potion of
                  | mutation]
 80099 | Zot:4    | Gained mutation: Your flesh is almost immune to the effects
                  | of heat. (rF+++) [potion of mutation]
 80105 | Zot:5    | Gained mutation: You are very dopey. (Int -4) [an orb of
                  | fire]
 80107 | Zot:4    | Gained mutation: You are extremely frail. (-30% HP) [an orb
                  | of fire]
 80110 | Zot:4    | Killed an orb of fire
 80113 | Zot:4    | Killed an orb of fire
 80121 | Zot:5    | Noticed a Killer Klown
 80121 | Zot:5    | Noticed an orb of fire
 80131 | Zot:5    | Killed an orb of fire
 80134 | Zot:5    | Killed a Killer Klown
 80166 | Zot:5    | Noticed a dread lich
 80169 | Zot:5    | Killed a dread lich
 80293 | Zot:5    | Killed an orb of fire
 80793 | Zot:5    | Lost mutation: You are very dopey. (Int -4) [potion of
                  | mutation]
 80793 | Zot:5    | Lost mutation: You often lose your temper in combat.
                  | [potion of mutation]
 80793 | Zot:5    | Lost mutation: You are extremely frail. (-30% HP) [potion
                  | of mutation]
 80793 | Zot:5    | Gained mutation: A frigid envelope surrounds you and
                  | freezes all who hurt you. [potion of mutation]
 82158 | Hell     | Killed Geryon
 82219 | Hell     | Found a gateway to the ashen valley of Gehenna.
 82311 | Hell     | Reached skill level 27 in Spellcasting
 82406 | Hell     | Found a gateway to the decaying netherworld of Tartarus.
 82463 | Hell     | Found a gateway to the freezing wastes of Cocytus.
 82569 | Hell     | Found a gateway to the Iron City of Dis.
 84040 | Zot:5    | Got the Orb of Zot
 84108 | Zot:4    | Noticed Boris
 84111 | Zot:4    | Killed Boris
 84533 | D:8      | Reached skill level 15 in Armour
 84733 | D:$      | Escaped with the Orb!

Illustrated notes

Levels and vault maps discovered:
D:1:      dpeg_arrival_connections, layout_rooms, ebering_ecumenical_altar_hall
D:2:      layout_rooms, serial_shops, nicolae_diamond_shop
D:3:      layout_basic, mainiacjoe_overflow_alcove_2,
          mainiacjoe_overflow_tiny_flanked, portal_sewer_entry_f,
          amcnicky_mini_pool_small, uniq_jessica
D:4:      layout_loops_ring, nicolae_ashenzari_panopticon,
          nicolae_dithmenos_shadow_blocks, uniq_crazy_yiuf_cottage,
          uniq_menkaure
D:5:      layout_loops_corners, overflow_temple_1_default, temple_doors_cd,
          serial_shops, shop, nicolae_diamond_shop
D:6:      layout_rooms
D:7:      layout_rooms, minmay_nine_imps
D:8:      layout_cave_pools, elyvilon_altar_3, kennysheep_mini_moat,
          sigmund_army
D:9:      layout_gridville, tgw_kikubaaqudgha, mainiacjoe_overflow_brackets,
          dpeg_oklobed_lair, nicolae_figureground_sparkle, uniq_maurice,
          uniq_grum
D:10:     layout_roguey, yredelemnul_altar_generic
D:11:     layout_loops_corners, orc_0_dummy, small_statue_intersection,
          hangedman_batty, uniq_nergalle
D:12:     layout_gridville, uniq_sonja, uniq_josephine
D:13:     layout_loops_ring
D:14:     layout_basic, david_vaults_4, nicolae_wwwww
D:15:     grunt_enter_depths_giant_problem, layout_basic, serial_shops,
          shop_coins, tso_metal_star
Temple:   minmay_temple_bridge_abc
Lair:1:   layout_gridlike
Lair:2:   layout_chaotic_city, guppyfry_snake_entry_island,
          nicolae_volcano_entry_s_turn, grunt_megastairs_3
Lair:3:   layout_roguey, shoals_dummy_entry
Lair:4:   layout_regular_city, grunt_forest_stairs_basic, grunt_megastairs_5,
          lemuel_fruit_tree
Lair:5:   nzn_winding_woodlands_medium [nzn_winding_woodlands_hourglass,
          nzn_winding_woodlands_5x15_garden,
          nzn_winding_woodlands_5x5_perimeter,
          nzn_winding_woodlands_5x5_checkerboard,
          nzn_winding_woodlands_center_garden, nzn_winding_woodlands_5x5_three,
          nzn_winding_woodlands_5x5_default,
          nzn_winding_woodlands_5x15_sawtooth,
          nzn_winding_woodlands_5x5_closed_star], layout_gridlike,
          disabler_island, serial_bayou_shore_b
Lair:6:   wormcave, layout_small_grid, dpeg_slime_entry_enclosed_altar,
          maelrawn_ghost_gauntlet_escape, uniq_urug
Shoals:1: layout_shoals, nicolae_shoals_aquamancer_cove
Shoals:2: layout_shoals, nzn_prometheus_bound
Shoals:3: layout_shoals, uniq_kirke
Shoals:4: shoals_end_hangedman, layout_shoals, shoals_ilsuiw_alternative,
          nicolae_shop_self_help, uniq_polyphemus
Snake:1:  layout_misc_corridors
Snake:2:  layout_honeycomb, serial_bayou_shore_b
Snake:3:  layout_honeycomb, basic_altar, uniq_nikola
Snake:4:  hellmonk_snake_rune_quicksilver_temple, layout_misc_corridors,
          portal_ice_cave_entry_dragon, nicolae_snake_magic_snake_eye,
          uniq_asterion, uniq_vashnia
Slime:1:  layout_caves
Slime:2:  layout_caves, nicolae_slime_welcoming_committee
Slime:3:  layout_caves
Slime:4:  cheibrodos_slime_lost_civilization_10, layout_caves,
          cheibrodos_slime_lost_civilization_6
Slime:5
Orc:1:    layout_caves, serial_shops, nicolae_shop_statue_plus
Orc:2:    st_orc_mages, layout_caves, serial_shops,
          nicolae_shop_advertising_works [nicolae_subvault_shop_adworks],
          special_room, basic_altar, okawaru_metal_pillars_1_2, uniq_snorg,
          uniq_jorgrun
Elf:1:    layout_onion_city, serial_shops, shop, minmay_elf_demonology
Elf:2:    elven_hall_of_blades_hangedman_original
          [nicolae_blade_entry_splitting_headache], layout_geoelf_diagonals
Elf:3:    grunt_elf_hall_diamonds, layout_loops_corners
Vaults:1: vaults_mumra_lcd, nicolae_vaults_network_quinsquares
          [nicolae_vaults_network_quincunx_subvault,
          nicolae_vaults_network_quincunx_subvault,
          nicolae_vaults_network_quincunx_subvault,
          nicolae_vaults_network_quincunx_subvault], v_alt_pattern_2,
          vaults_room_pools, v_alt_pattern_2, nicolae_vaults_network_periphery,
          nicolae_vaults_network_s, ontoclasm_vaults_twist, grunt_vaults_twisty,
          vaults_room_hallway, nicolae_vaults_little_squares_2,
          nicolae_vaults_shelves_hall, vaults_room_pools, v_misc_24,
          layout_vaults_omnibox, serial_shops, nicolae_shop_stone
Vaults:2: minmay_crypt_entry_necro_gods, grunt_vaults_bifocal,
          grunt_vaults_funnel, hangedman_vaults_stretched_pinwheel, v_misc_12,
          vaults_room_fours, hangedman_vaults_locks, special_room_vaults
          [special_room_orc], layout_vaults_quadrants, uniq_aizul, uniq_jory
Vaults:3: hangedman_vaults_corner_blocks, hangedman_vaults_variations,
          vaults_room_hallway, v_misc_26, st_lines, vaults_room_large_hall,
          hangedman_vaults_slice, ontoclasm_vaults_ring_square,
          ontoclasm_vaults_decontamination, hangedman_vaults_hat,
          nicolae_vaults_sealed_display, v_misc_4, vaults_dpeg_ring,
          vaults_mumra_chevron, hangedman_vaults_impose,
          grunt_vaults_hallway_long, layout_vaults_maze_bifur
Vaults:4: hangedman_vaults_slither, nicolae_vaults_little_squares_6, st_lattice,
          vaults_dpeg_diagonal, nicolae_vaults_gold_heap,
          nicolae_vaults_puzzle_piece, grunt_vaults_hallway_short,
          hangedman_vaults_nails, nicolae_vaults_ring_of_whatevers,
          vaults_room_pool, vaults_room_pool, layout_vaults_chaotic_city
Vaults:5
Crypt:1:  layout_gridlike, grunt_crypt_arrival_split,
          roderic_lattice_octagonal_star, uniq_boris
Crypt:2:  layout_gridlike, infiniplex_enter_wizlab_glasses
Crypt:3:  church_of_pain_bobbens, layout_chaotic_city, grunt_ministairs_14,
          st_stairs_7, uniq_frederick, uniq_sojobo
Depths:1: lightli_eight_chambers, layout_cave_pools, hell_entry, kennysheep_nub,
          serial_shops, shop, hangedman_aerie_drop
Depths:2: minmay_shoctagon, layout_gridlike, grunt_pan_entry_zigzag,
          hangedman_abyss_or_decor_slice, hell_entry, hangedman_decor_push,
          fedhas_altar_4, infiniplex_staircase_zigzag_5
Depths:3: evilmike_silver_temple, layout_basic,
          nicolae_abyss_entry_one_way_or_another, hellmouth_1,
          kennysheep_generic_room_6, uniq_mennas, uniq_xtahua, uniq_saint_roka
Depths:4: evilmike_zot_entry_gauntlet, layout_honeycomb, enter_ziggurat_b,
          abyss_entry_crystal, chequers_serial_rivers_marsh,
          hangedman_coc_ice_floe, grunt_ministairs_6, serial_bayou_shore_a
Hell
Zot:1:    layout_concentric_octagons
Zot:2:    kennysheep_room_grid, layout_misc_corridors, st_stairs_13,
          st_single_dragon_hoard_2, hangedman_zot_decor_scrapings
Zot:3:    layout_misc_corridors, ebering_ghost_rock_garden, zot_minivault_1
Zot:4:    ebering_klown_carousel, layout_misc_corridors, grunt_ministairs_1
Zot:5:    layout_twisted_circle

Skill      XL: |  1  2  3  4  5  6  7  8  9 10 11 12 13 14 15 16 17 18 19 20 21 22 23 24 25 26 27 |
---------------+----------------------------------------------------------------------------------+-----
Spellcasting   | 1 2 3 5 6 8 10 11 13 14 15 17 19 20 21 22 24 27 | 27.0
Unarmed Combat | 2 3 |  3.4
Fighting       | 3 5 6 9 10 12 13 16 19 27 | 27.0
Dodging        | 6 10 12 16 19 20 | 20.1
Invocations    | 6 7 10 12 14 15 | 15.9
Evocations     | 5 6 |  6.0
Shields        | 2 5 15 | 15.0
Armour         | 8 11 14 15 | 15.1
Staves         | |  2.6
Throwing       | |  1.5

Action                   |  1- 3 |  4- 6 |  7- 9 | 10-12 | 13-15 | 16-18 | 19-21 | 22-24 | 25-27 || total
-------------------------+-------+-------+-------+-------+-------+-------+-------+-------+-------++-------
Melee: Quarterstaff      |    87 |   126 |   142 |    21 |       |       |       |       |       ||   376
       Unarmed           |       |       |    71 |       |       |       |       |       |       ||    71
       Dagger            |       |       |   172 |   195 |   418 |    44 |       |     1 |       ||   830
       Punch             |       |       |     5 |     7 |    27 |       |       |       |       ||    39
       Staff             |       |       |       |       |       |       |       |       |     4 ||     4
Throw: Dart              |       |     4 |       |       |       |     1 |       |       |       ||     5
       Throwing net      |       |     2 |       |     1 |     2 |       |       |       |     1 ||     6
       Stone             |       |     1 |     1 |       |       |       |       |       |       ||     2
 Cast: Summon Small Mamm |     9 |    17 |     3 |     1 |     3 |       |       |       |     1 ||    34
       Blink             |       |     1 |     1 |     2 |     1 |       |     4 |    16 |     5 ||    30
       Spider Form       |       |       |     9 |       |       |       |       |       |       ||     9
       Fulminant Prism   |       |       |    25 |   162 |   141 |     7 |       |     5 |       ||   340
       Summon Mana Viper |       |       |       |       |    35 |       |     1 |       |       ||    36
       Starburst         |       |       |       |       |   185 |   476 |   452 |   284 |    25 ||  1422
       Enfeeble          |       |       |       |       |       |     2 |     5 |       |       ||     7
       Orb of Destructio |       |       |       |       |       |       |   105 |   333 |    55 ||   493
       Summon Hydra      |       |       |       |       |       |       |       |     7 |       ||     7
       Ignition          |       |       |       |       |       |       |       |    87 |   720 ||   807
       Lehudib's Crystal |       |       |       |       |       |       |       |       |   745 ||   745
       Death's Door      |       |       |       |       |       |       |       |       |     1 ||     1
Invok: Lesser Servant of |       |       |       |     2 |       |       |       |       |       ||     2
       Greater Servant o |       |       |       |       |       |       |       |     4 |       ||     4
Evoke: Wand              |       |       |     1 |    16 |    18 |       |     1 |     1 |     6 ||    43
       Condenser vane    |       |       |       |       |     1 |       |       |       |       ||     1
  Use: Scroll            |       |     7 |     2 |    14 |     8 |    10 |     8 |    14 |     7 ||    70
       Potion            |       |       |       |       |     2 |     2 |     1 |     6 |     5 ||    16
 Stab: Sleeping          |       |     2 |       |       |       |       |       |       |       ||     2
       Distracted        |       |       |       |     1 |     6 |       |       |       |       ||     7
       Petrified         |       |       |       |       |     3 |       |       |       |       ||     3
       Paralysed         |       |       |       |       |     1 |       |       |       |       ||     1
       Invisible         |       |       |       |       |       |     1 |       |       |       ||     1
Armor: Leather armour    |    42 |    42 |       |       |       |       |       |       |       ||    84
       Troll leather arm |       |    17 |   157 |   124 |   162 |    62 |    27 |    67 |   140 ||   756
       Skin              |       |       |     2 |       |       |       |       |       |       ||     2
Dodge: Dodged            |    68 |   110 |   276 |   313 |   703 |   259 |   266 |   385 |   428 ||  2808
Block: Buckler           |       |       |       |       |       |   127 |   171 |    87 |     1 ||   386
       Reflection        |       |       |       |       |       |    35 |    41 |     1 |       ||    77
       Kite shield       |       |       |       |       |       |       |       |       |   314 ||   314
